Map: Frozen Temple

Players

Pain - Winner!

  • Race: Protoss Protoss
  • League: Silver
  • Spawn Location: 5:00

Fropez

  • Race: Protoss Protoss
  • League: Silver
  • Spawn Location: 11:00

VOD

Have the link to the VOD?

Description

Time

  • Played on: June 7, 2016, 3:58 p.m.
  • Length: 7:18
Show
View Real Time Build Order
Export as new Build Order

Pain Protoss - Winner!

Build Orders:  

Get SALT Encoding   

  12  0:01  Probe (Chrono Boost)  
  13  0:11  Probe (Chrono Boost)  
  14  0:19  Pylon  
  14  0:25  Probe (Chrono Boost)  
  15  0:38  Probe (Chrono Boost)  
  16  0:43  Gateway  
  16  0:45  Assimilator  
  16  0:49  Probe (Chrono Boost)  
  17  0:59  Probe (Chrono Boost)  
  18  1:10  Probe (Chrono Boost)  
  19  1:21  Probe (Chrono Boost)  
  20  1:31  Probe (Chrono Boost)  
  20  1:32  Cybernetics Core  
  21  1:37  Assimilator  
  21  1:38  Pylon  
  21  1:42  Probe (Chrono Boost)  
  22  2:13  Pylon  
  22  2:16  Warp Gate (Chrono Boost)  
  22  2:17  Pylon  
  22  2:20  Mothership Core  
  24  2:28  Gateway  
  24  2:38  Gateway  
  24  2:45  Robotics Facility  
  24  2:56  Gateway  
  24  2:58  Pylon  
  24  3:14  Probe  
  25  3:31  Pylon  
  25  3:33  Pylon  
  25  3:35  Immortal  
  29  3:47  Adept x2  
  30  4:08  Stalker x2  
  34  4:28  Probe  
  35  4:40  Probe  
  36  4:47  Immortal (Chrono Boost)  
  36  4:51  Adept x3  
  36  4:52  Probe  
  47  5:13  Adept  
  47  5:14  Adept  
  51  5:15  Adept  
  57  5:22  Adept, Immortal (Chrono Boost)  
  59  5:42  Pylon  
  59  5:47  Stalker x2  
  59  5:48  Pylon  
  63  6:10  Adept x4  
  69  6:41  Adept  
  69  6:42  Adept x3  
  77  7:04  Stalker  
Show
View Real Time Build Order
Export as new Build Order

Fropez Protoss 

Build Orders:  

Get SALT Encoding   

  12  0:01  Probe (Chrono Boost)  
  13  0:16  Pylon  
  14  0:21  Probe (Chrono Boost)  
  14  0:32  Probe (Chrono Boost)  
  15  0:36  Gateway  
  15  0:42  Probe (Chrono Boost)  
  16  0:49  Pylon  
  16  0:58  Probe (Chrono Boost)  
  16  1:03  Assimilator  
  17  1:08  Probe (Chrono Boost)  
  17  1:11  Pylon  
  18  1:19  Probe (Chrono Boost)  
  19  1:30  Cybernetics Core  
  19  1:33  Probe (Chrono Boost)  
  20  1:49  Gateway  
  20  1:54  Probe (Chrono Boost)  
  20  1:56  Gateway  
  21  2:02  Assimilator  
  21  2:05  Probe (Chrono Boost)  
  22  2:10  Warp Gate (Chrono Boost)  
  22  2:16  Pylon, Probe (Chrono Boost)  
  23  2:27  Probe (Chrono Boost)  
  24  2:32  Stalker  
  24  2:36  Stalker  
  28  2:44  Stalker  
  28  2:48  Probe (Chrono Boost)  
  33  2:59  Mothership Core (Chrono Boost)  
  33  3:01  Pylon  
  33  3:17  Probe (Chrono Boost)  
  34  3:21  Stalker  
  34  3:22  Stalker  
  37  3:35  Twilight Council  
  37  4:15  Dark Shrine  
  31  4:29  Blink (Chrono Boost)  
  31  4:30  Zealot  
  33  4:33  Zealot x2  
  33  4:37  Probe  
  38  4:46  Gateway  
  38  5:00  Probe  
  38  5:03  Nexus  
  39  5:08  Stalker  
  39  5:09  Stalker x2  
  45  5:24  Pylon  
  45  5:30  Robotics Facility  
  45  5:31  Probe  
  45  5:33  Pylon  
  46  5:42  Stalker  
  48  5:43  Probe  
  49  5:55  Probe  
  50  6:10  Stalker x4  
  52  6:36  Pylon x2  
  52  6:38  Pylon  
  52  6:54  Stalker  
  52  6:55  Stalker x2  
Tags
 
Matchup
PvP
Replay Pack
All Mines
Spawn Locations
Cross Positions
Add a new tag
Caveats
  • Supply blocks, unpowered buildings, or Contaminate may cause inaccurate times.
  • Supply counts are checked every 10 seconds.